 Dungeon Crawl Stone Soup version 0.21.0-24-g2553a33 (webtiles) character file.

185 tidbits the Skirmisher (level 5, 0/47 HPs)
             Began as a Gnoll Wanderer on Jan 19, 2018.
             Succumbed to a worker ant's poison
             ... on level 4 of the Dungeon.
             The game lasted 00:07:53 (1015 turns).

tidbits the Skirmisher (Gnoll Wanderer)             Turns: 1015, Time: 00:07:54

Health: 0/47       AC: 11    Str: 14 (16) XL:     5   Next: 64%
Magic:  12/12      EV:  7    Int: 12 (15) God:
Gold:   92         SH:  8    Dex: 11 (13) Spells: 14/14 levels left

rFire    . . .     SeeInvis .   a - +0 club
rCold    . . .     Gourm    .   D - +0 shield
rNeg     . . .     Faith    .   B - +2 scale mail
rPois    .         Spirit   .   (no helmet)
rElec    .         Reflect  .   (no cloak)
rCorr    .         Harm     +   G - +2 pair of gloves
MR       .....                  (no boots)
Stlth    ..........             o - amulet of harm
HPRegen  0.15/turn              (no ring)
MPRegen  0.13/turn              (no ring)

@: lethally poisoned (0 -> -13)
A: distributed training, fangs 1, strong nose
a: no special abilities


You were on level 4 of the Dungeon.
You were not hungry.

You visited 1 branch of the dungeon, and saw 4 of its levels.

You collected 92 gold pieces.

Inventory:

Hand Weapons
 a - a +0 club (weapon)
 e - a +0 dagger
 k - a +0 spear
Missiles
 f - 28 stones (quivered)
 h - 16 poisoned needles
 j - 48 arrows
Armour
 i - a +0 buckler
 B - a +2 scale mail (worn)
 D - a +0 shield (worn)
 G - a +2 pair of gloves (worn)
Jewellery
 o - an amulet of harm (around neck)
   (You found it on level 3 of the Dungeon)
Wands
 p - a wand of flame (16)
Scrolls
 n - 3 scrolls of teleportation {unknown}
 r - a scroll of identify
Potions
 d - a potion of invisibility
 g - a potion of flight
 l - a potion of might
 q - a potion of lignification {unknown}
Comestibles
 c - 2 rations


   Skills:
 + Level 6.7 Fighting
 + Level 1.5 Short Blades
 + Level 1.5 Long Blades
 + Level 3.0 Axes
 + Level 1.5 Maces & Flails
 + Level 1.5 Polearms
 + Level 1.5 Staves
 + Level 1.5 Slings
 + Level 1.5 Bows
 + Level 1.5 Crossbows
 + Level 1.5 Throwing
 + Level 3.0 Armour
 + Level 1.5 Dodging
 + Level 1.5 Stealth
 + Level 3.0 Shields
 + Level 1.5 Unarmed Combat
 + Level 5.2 Spellcasting
 + Level 1.2 Conjurations
 + Level 1.2 Hexes
 + Level 1.2 Charms
 + Level 1.2 Summonings
 + Level 1.2 Necromancy
 + Level 1.2 Translocations
 + Level 1.2 Transmutations
 + Level 1.2 Fire Magic
 + Level 2.4 Ice Magic
 + Level 1.2 Air Magic
 + Level 1.2 Earth Magic
 + Level 1.2 Poison Magic
 + Level 1.7 Invocations
 + Level 3.0 Evocations


You had 14 spell levels left.
You didn't know any spells.

Dungeon Overview and Level Annotations

Branches:
Dungeon (4/15)
 Temple: D:4-7

Altars:

Shops:
D:4 %


Innate Abilities, Weirdness & Mutations

Your experience applies equally to all skills.
You have very sharp teeth.
Your uncanny sense of smell can sniff out nearby items.


Message History

The jackal skeleton is moderately damaged.
The jackal skeleton bites you but does no damage.
The jackal skeleton closely misses you.
You hit the jackal skeleton.
You destroy the jackal skeleton!
You see here 17 gold pieces.
You now have 92 gold pieces (gained 17).
Wear which item? (? for menu, Esc to quit)
You start removing your armour.
You continue taking off your +0 buckler. x4
You finish taking off your +0 buckler.
You start putting on your armour.
You continue putting on your shield. x5
You finish putting on your +0 shield.
Adjust (i)tems, (s)pells, or (a)bilities?
Adjust which item? (? for menu, Esc to quit)
i - a +0 shield (worn)
Adjust to which letter? (? for menu, Esc to quit)
D - a +0 shield (worn);
i - a +0 buckler
There is a stone staircase leading up here.
You climb upwards.
There is a stone staircase leading down here.
Unknown command.
Found a robe.
There is a stone staircase leading down here.
You climb downwards.
There is a stone staircase leading up here.
Unknown command.
Found a scroll of magic mapping.
Found a scroll of identify.
You see here a scroll of magic mapping.
Unknown command.
As you read the scroll of magic mapping, it crumbles to dust.
You feel aware of your surroundings.
Unknown command.
A worker ant comes into view.
The worker ant twitches its antennae in your direction.
Found a ration and 22 bolts.
You see here a scroll of identify.
r - a scroll of identify You hit the worker ant.
The worker ant is heavily wounded.
The worker ant bites you.
You are poisoned.
The worker ant poisons you!
You closely miss the worker ant.
The worker ant is heavily wounded.
You feel sick. The worker ant bites you. You block the worker ant's attack.
You hit the worker ant.
The worker ant is heavily wounded.
You feel sick. The worker ant barely misses you.
You block the worker ant's attack.
You hit the worker ant but do no damage.
The worker ant is heavily wounded.
You feel sick. The worker ant bites you.
* * * LOW HITPOINT WARNING * * *
You are more poisoned.
The worker ant poisons you!
You closely miss the worker ant.
The worker ant is heavily wounded.
You feel sick. The worker ant completely misses you.
You block the worker ant's attack.
You closely miss the worker ant.
The worker ant is heavily wounded.
You feel sick. You block the worker ant's attack.
The worker ant barely misses you.
You hit the worker ant but do no damage.
The worker ant is heavily wounded.
You feel sick. You block the worker ant's attack.
You hit the worker ant but do no damage.
The worker ant is heavily wounded.
You feel sick. The worker ant barely misses you.
You block the worker ant's attack.
You hit the worker ant but do no damage.
The worker ant is heavily wounded.
You feel sick. You block the worker ant's attack.
You hit the worker ant but do no damage.
The worker ant is heavily wounded.
You feel sick. The worker ant bites you.
* * * LOW HITPOINT WARNING * * *
You are more poisoned.
The worker ant poisons you! The worker ant barely misses you.
You hit the worker ant.
You bite the worker ant, but do no damage.
The worker ant is heavily wounded.
* * * LOW HITPOINT WARNING * * *
You feel sick. The worker ant closely misses you.
The worker ant bites you but does no damage.
You completely miss the worker ant.
The worker ant is heavily wounded.
* * * LOW HITPOINT WARNING * * *
You feel sick. The worker ant bites you.
* * * LOW HITPOINT WARNING * * *
It was a potion of degeneration.
There was something very wrong with that liquid.
You feel weakened.
You feel dopey.
You feel clumsy.
* * * LOW HITPOINT WARNING * * *
You feel sick.
The worker ant bites you but does no damage.
It was a potion of cancellation.
You feel magically purged.
You die...

*****,,****,,,,,,,* *,..# #.# #
,,,,,,,,,,,,,,#..#***####.# #.###
*****,,****,,,#...,,,..##.# #..,.
*****,,* ****#(.#***#.##.# #.##.
,,,....# #..# #.##.###.#.#
#**#...# #..# ##.##.##..<##
#*##$..##**** #%.# ##...#.##..#.#
.,,.....,,,,* #.a###.......#..##.
#**#...#**#.###.@##.....#........
####...####...............##..###
............##..........###[..# #
####...####.##..........# #.#.# #
(†........(.............# #.#.###
######.####.##.###.....## #.#.##.
............##.* ##...## #.#.#.#
.......#######.* ##.## #.#..##
######.## #.# **,..** #.#..#


You could see a worker ant.

Vanquished Creatures
  A howler monkey (D:2)
  An iguana (D:4)
  A worker ant (D:4)
  5 adders
  4 worms
  A dart slug (D:2)
  2 leopard geckos
  A giant cockroach (D:2)
  7 goblins
  3 hobgoblins (D:2)
  4 bats
  A frilled lizard (D:1)
  A jackal skeleton (D:4)
  4 kobolds
  9 rats
45 creatures vanquished.

Notes
Turn   | Place    | Note
-------+----------+-------------------------------------------
     0 | D:1      | tidbits the Gnoll Wanderer began the quest for the Orb.
     0 | D:1      | tidbits set off with: a +2 scale mail, a potion of curing, a +0 buckler, a +0 club, a ration
     0 | D:1      | Reached XP level 1. HP: 23/23 MP: 6/6
    67 | D:1      | Reached skill level 2 in Ice Magic
    82 | D:1      | Reached XP level 2. HP: 29/29 MP: 7/7
   213 | D:2      | Reached XP level 3. HP: 9/35 MP: 9/9
   270 | D:2      | Reached skill level 5 in Spellcasting
   288 | D:2      | Reached skill level 1 in Short Blades
   288 | D:2      | Reached skill level 1 in Long Blades
   288 | D:2      | Reached skill level 1 in Maces & Flails
   288 | D:2      | Reached skill level 1 in Polearms
   288 | D:2      | Reached skill level 1 in Staves
   288 | D:2      | Reached skill level 1 in Slings
   288 | D:2      | Reached skill level 1 in Bows
   288 | D:2      | Reached skill level 1 in Crossbows
   288 | D:2      | Reached skill level 1 in Throwing
   288 | D:2      | Reached skill level 1 in Dodging
   288 | D:2      | Reached skill level 1 in Stealth
   288 | D:2      | Reached skill level 1 in Unarmed Combat
   288 | D:2      | Reached skill level 1 in Invocations
   288 | D:2      | Reached XP level 4. HP: 14/41 MP: 11/11
   461 | D:2      | Reached skill level 1 in Conjurations
   461 | D:2      | Reached skill level 1 in Hexes
   461 | D:2      | Reached skill level 1 in Charms
   461 | D:2      | Reached skill level 1 in Summonings
   461 | D:2      | Reached skill level 1 in Necromancy
   461 | D:2      | Reached skill level 1 in Translocations
   461 | D:2      | Reached skill level 1 in Transmutations
   461 | D:2      | Reached skill level 1 in Fire Magic
   461 | D:2      | Reached skill level 1 in Air Magic
   461 | D:2      | Reached skill level 1 in Earth Magic
   461 | D:2      | Reached skill level 1 in Poison Magic
   739 | D:4      | Reached XP level 5. HP: 29/47 MP: 12/12
   753 | D:4      | Found Qergh's Food Emporium.
   900 | D:4      | Reached skill level 3 in Axes
   900 | D:4      | Reached skill level 3 in Armour
   900 | D:4      | Reached skill level 3 in Shields
   900 | D:4      | Reached skill level 3 in Evocations
  1013 | D:4      | HP: 4/47 [poisoned by a worker ant]
  1015 | D:4      | Succumbed to a worker ant's poison

Skill      XL: |  1  2  3  4  5 |
---------------+----------------+-----
Ice Magic      | 2 |  2.4
Spellcasting   | 5 |  5.2
Short Blades   | 1 |  1.5
Long Blades    | 1 |  1.5
Maces & Flails | 1 |  1.5
Polearms       | 1 |  1.5
Staves         | 1 |  1.5
Slings         | 1 |  1.5
Bows           | 1 |  1.5
Crossbows      | 1 |  1.5
Throwing       | 1 |  1.5
Dodging        | 1 |  1.5
Stealth        | 1 |  1.5
Unarmed Combat | 1 |  1.5
Invocations    | 1 |  1.7
Conjurations   | 1 |  1.2
Hexes          | 1 |  1.2
Charms         | 1 |  1.2
Summonings     | 1 |  1.2
Necromancy     | 1 |  1.2
Translocations | 1 |  1.2
Transmutations | 1 |  1.2
Fire Magic     | 1 |  1.2
Air Magic      | 1 |  1.2
Earth Magic    | 1 |  1.2
Poison Magic   | 1 |  1.2
Axes           | 3 |  3.0
Armour         | 3 |  3.0
Shields        | 3 |  3.0
Evocations     | 3 |  3.0
Fighting       | |  6.7

Action                   |  1- 3 |  4- 6 || total
-------------------------+-------+-------++-------
Melee: Club              |   112 |   159 ||   271
       Bite              |    12 |    14 ||    26
Throw: Stone             |       |     3 ||     3
Evoke: Wand              |       |     2 ||     2
  Use: Potion            |     2 |     6 ||     8
       Scroll            |       |     4 ||     4
 Stab: Invisible         |       |     6 ||     6
  Eat: Ration            |     1 |       ||     1
Armor: Scale mail        |    44 |    81 ||   125
Dodge: Dodged            |    36 |    69 ||   105
Block: Buckler           |    13 |    31 ||    44
       Shield            |       |     7 ||     7

Table legend:
 A = Turns spent in this place as a percentage of turns spent in the entire game.
 B = Non-inter-level travel turns spent in this place as a percentage of non-inter-level travel turns spent in the entire game.
 C = Inter-level travel turns spent in this place as a percentage of turns spent in this place.
 D = Turns resting spent in this place as a percentage of non-inter-level travel turns spent in this place.
 E = Turns spent auto-exploring this place as a percentage of non-inter-level travel turns spent in this place.
 F = Non-inter-level travel turns spent in this place divided by the number of levels of this place that you've seen.
                   A       B       C       D       E      F
               +-------+-------+-------+-------+-------+----------------------
         Total | 100.0 | 100.0 |   2.2 |   0.0 |   0.0 | 248.2
       Dungeon | 100.0 | 100.0 |   2.2 |   0.0 |   0.0 | 248.2
               +-------+-------+-------+-------+-------+----------------------

Table legend:
 A = Kills in this place as a percentage of kills in entire the game.
 B = Kills by you in this place as a percentage of kills by you in the entire game.
 C = Kills by friends in this place as a percentage of kills by friends in the entire game.
 D = Other kills in this place as a percentage of other kills in the entire game.
 E = Experience gained in this place as a percentage of experience gained in the entire game.
 F = Experience gained in this place divided by the number of levels of this place that you have seen.
                   A       B       C       D       E      F
               +-------+-------+-------+-------+-------+----------------------
         Total | 100.0 | 100.0 |   N/A |   N/A | 100.0 |  66.2
       Dungeon | 100.0 | 100.0 |   N/A |   N/A | 100.0 |  66.2
               +-------+-------+-------+-------+-------+----------------------

Vault maps used:
D:1:      saegor_arrival_miasma, hangedman_abyss_or_decor_stabs
D:3:      first_ration, nemelex_spade_bored_becter
D:4:      kennysheep_small_square
